 Dungeon Crawl Stone Soup version 0.28-a0-938-gbc3f381ebc (webtiles) character file.

Game seed: 5806702855305239290

224 Zonian the Poker (level 5, 0/40 HPs)
             Began as a Demonspawn Gladiator on Nov 30, 2021.
             Was a Believer of Ru.
             Slain by a hound (5 damage)
             ... on level 4 of the Dungeon.
             The game lasted 00:05:44 (5483 turns).

Zonian the Poker (Demonspawn Gladiator)             Turns: 5483, Time: 00:05:45

Health: 0/40       AC:  5    Str: 14    XL:     5   Next: 67%
Magic:  5/5        EV: 13    Int:  9    God:    Ru [**....]
Gold:   142        SH:  0    Dex: 16    Spells: 4/4 levels left

rFire   . . .      SeeInvis .   k - +0 dagger (venom)
rCold   . . .      Faith    .   (no shield)
rNeg    . . .      Spirit   .   b - +1 leather armour
rPois   .          Reflect  .   c - +0 helmet
rElec   .          Harm     .   (no cloak)
rCorr   .          Rampage  .   (no gloves)
Will    .....                   (no boots)
Stlth   ++........              (no amulet)
HPRegen 0.13/turn               (no ring)
MPRegen 0.09/turn               (no ring)

@: no status effects
A: hooves 1, ignite blood 1, weak-willed 1
a: Renounce Religion


You were on level 4 of the Dungeon.
You worshipped Ru.
Ru was pleased with you.
You visited 1 branch of the dungeon, and saw 4 of its levels.

You collected 142 gold pieces.

Inventory:

Hand Weapons
 a - a +0 trident
 k - a +0 dagger of venom (weapon)
Missiles
 d - 3 throwing nets (quivered)
 e - 16 sling bullets
Armour
 b - a +1 leather armour (worn)
 c - a +0 helmet (worn)
Scrolls
 i - a scroll of enchant armour
Potions
 h - a potion of resistance
 l - 2 potions of brilliance {unknown}


   Skills:
 + Level 2.8 Fighting
 * Level 1.9 Short Blades
 - Level 4.0 Polearms
 + Level 1.9 Throwing
 - Level 0.5 Armour
 + Level 3.4 Dodging
 + Level 1.7 Stealth


You had 4 spell levels left.
You didn't know any spells.
Your spell library was empty.

Dungeon Overview and Level Annotations

Branches:
Dungeon (4/15)
 Temple: D:4-7

Altars:
Ru
Beogh

Annotations:
D:3 3 runed translucent doors, fragbeetle's ghost, weakling NaTm


Innate Abilities, Weirdness & Mutations

You have large cloven feet.
Your demonic aura sometimes causes spilled blood to erupt in flames.
You are slightly weak-willed. (Will-)


Message History

The hound bites you.
* * * LOW HITPOINT WARNING * * *
The quokka twitches its whiskers.
The hound barely misses you. The giant cockroach misses you.
You hit the giant cockroach but do no damage.
The giant cockroach is poisoned.
Your kick misses the giant cockroach. The giant cockroach barely misses you.
You hit the giant cockroach but do no damage.
The giant cockroach looks as sick as possible!
The giant cockroach is almost dead.
You kill the giant cockroach!
The hound closely misses you.
You hit the hound.
The hound is poisoned.
You kick the hound.
The hound is moderately wounded.
The hound bites you.
* * * LOW HITPOINT WARNING * * *
You barely miss the hound. Your kick misses the hound.
The hound is moderately wounded.
The hound bites you.
* * * LOW HITPOINT WARNING * * *
You hit the hound. You kick the hound, but do no damage.
The hound is heavily wounded.
The hound bites you but does no damage. The hound bites you.
* * * LOW HITPOINT WARNING * * *
You hit the hound.
The hound looks as sick as possible!
Your kick misses the hound.
The hound is heavily wounded.
The hound bites you.
* * * LOW HITPOINT WARNING * * *
Found 13 stones.
The hound bites you but does no damage.
A goblin comes into view. It is wielding a +0 club.
Found 18 stones.
The hound is stunned by your conviction and fails to attack.
The goblin shouts!
The hound is stunned by your conviction and fails to attack.
You hit the hound but do no damage.
The hound is almost dead.
The hound bites you.
You die...

######### #.......#
#.......###
########.......#..
#.....# .........(
#.....# .........
#######.....# #...(....
......#.....# #@.......
......#.....# #h.......
......#.....####g.......
.............g..........
?.....#..[..####.....g..
......#.....# .........
......#..#### ...#####.
...?..##.# ....#
.......... ....#


You could see a hound (very poisoned) and 2 goblins.

Vanquished Creatures
  A scorpion (D:3)
  8 adders
  A river rat (D:3)
  A white imp (D:3)
  2 dart slugs
  An orc (D:3)
  2 bats
  9 endoplasms
  3 giant cockroaches
  3 goblins
  4 hobgoblins
  9 jackals (D:1)
  5 quokkas
  8 ball pythons
  4 frilled lizards
  6 kobolds
  6 rats
73 creatures vanquished.

Notes
Turn   | Place    | Note
-------+----------+-------------------------------------------
     0 | D:1      | Zonian the Demonspawn Gladiator began the quest for the
                  | Orb.
     0 | D:1      | Reached XP level 1. HP: 16/16 MP: 1/1
    97 | D:1      | Reached skill level 3 in Polearms
   528 | D:1      | Gained mutation: Your demonic aura sometimes causes spilled
                  | blood to erupt in flames. [demonic ancestry]
   528 | D:1      | Reached XP level 2. HP: 22/22 MP: 2/2
  1704 | D:1      | Reached XP level 3. HP: 9/28 MP: 3/3
  3917 | D:3      | Discovered your monstrous ancestry.
  3917 | D:3      | Gained mutation: You have large cloven feet. [demonic
                  | ancestry]
  3917 | D:3      | Reached XP level 4. HP: 34/34 MP: 4/4
  4062 | D:3      | Reached skill level 4 in Polearms
  4229 | D:3      | Found a faded altar of an unknown god.
  4387 | D:3      | Prayed at the altar of an unknown god.
  4387 | D:3      | Became a worshipper of Ru the Awakened
  4389 | D:3      | Gained mutation: You are slightly weak-willed. (Will-) [Ru
                  | sacrifice]
  4389 | D:3      | Reached * piety under Ru
  4389 | D:3      | Reached ** piety under Ru
  4617 | D:3      | Noticed a scorpion
  4625 | D:3      | Killed a scorpion
  4626 | D:3      | Reached skill level 1 in Short Blades
  4626 | D:3      | Reached skill level 1 in Stealth
  4626 | D:3      | Reached XP level 5. HP: 10/39 MP: 5/5
  4902 | D:3      | Found a runed translucent gate.
  4903 | D:3      | Found a runed translucent gate.
  4904 | D:3      | Identified the +1 ring mail of Nemelex Xobeh's Pride {*Slow
                  | rElec rN+ Regen+}
  4913 | D:3      | Found a runed translucent gate.
  4914 | D:3      | Noticed fragbeetle's ghost (weakling NaTm)
  5483 | D:4      | Slain by a hound

Illustrated notes

Levels and vault maps discovered:
D:1:      elethiomel_arrival_infinity_welcomes_careful_drivers, layout_rooms
D:2:      layout_loops_ring, minmay_pentomino_s2
D:3:      layout_loops_ring, gup_sewer_entry_bubbles,
          hellmonk_ecumenical_altar_zigzags, biasface_ghost_orc_armoury,
          grunt_ministairs_2, kennysheep_generic_room_9
D:4:      layout_basic, mainiacjoe_overflow_chevrons, minmay_crystal_water,
          uniq_grinder

Skill      XL: |  1  2  3  4 |
---------------+-------------+-----
Polearms       | 3 4 |  4.0
Dodging        | 3 |  3.4
Short Blades   | 1 |  1.9
Stealth        | 1 |  1.7
Fighting       | |  2.8
Throwing       | |  1.9
Armour         | |  0.5

Action                   |  1- 3 |  4- 6 || total
-------------------------+-------+-------++-------
Melee: Trident           |   161 |    10 ||   171
       Dagger            |       |    80 ||    80
       Kick              |       |    29 ||    29
Throw: Throwing net      |     3 |       ||     3
Invok: Sacrifice Essence |       |     1 ||     1
  Use: Scroll            |       |     4 ||     4
 Stab: Sleeping          |     4 |     4 ||     8
       Held in net/web   |     1 |       ||     1
Armor: Leather armour    |    43 |    19 ||    62
Dodge: Dodged            |    88 |    51 ||   139

Table legend: (Time is in decaauts)
 A = Elapsed time spent in this place.
 B = Non-inter-level travel time spent in this place.
 C = Inter-level travel time spent in this place.
 D = Time resting spent in this place.
 E = Time spent auto-exploring this place.
 F = Levels seen in this place.
 G = Mean time per level.
                   A        B        C        D        E       F      G
               +--------+--------+--------+--------+--------+-----+--------+
         Total |   5533 |   5400 |    133 |   2575 |   2188 |   4 | 1383.2 |
       Dungeon |   5533 |   5400 |    133 |   2575 |   2188 |   4 | 1383.2 |
               +--------+--------+--------+--------+--------+-----+--------+

Top non-repeatable levels by time:
     D:1: 2771 daAuts
     D:3: 1574 daAuts
     D:2: 1160 daAuts
     D:4: 27 daAuts
